 Dungeon Crawl Stone Soup version 0.31-a0-278-g485e682e34 (webtiles) character file.

Game seed: 9958070952498857076

5243 Morbidden the Ruffian (level 10, -7/114 HPs)
             Began as a Demonspawn Shapeshifter on July 16, 2023.
             Was an Elder of Cheibriados.
             Mangled by a kobold brigand
             ... wielding a +1 short sword of distortion
              (17 damage)
             ... on level 7 of the Dungeon.
             The game lasted 00:10:39 (6352 turns).

Morbidden the Ruffian (Demonspawn Shapeshifter)     Turns: 6352, Time: 00:10:40

Health: -7/114     AC: 25    Str: 36    XL:     10   Next: 36%
Magic:  0/14       EV:  2    Int: 19    God:    Cheibriados [****..]
Gold:   330        SH:  0    Dex: 24    Spells: 12/12 levels left

rFire   . . .        a - +4 flail (protect)
rCold   . . .        (no shield)
rNeg    . . .        f - melded +0 plate armour
rPois   +            (helmet currently unavailable)
rElec   .            (cloak currently unavailable)
rCorr   .            (gloves currently unavailable)
SInv    +            (boots currently unavailable)
Will    +....        o - amulet of regeneration
Stlth   ++           j - +6 ring of strength
HPRegen 1.19/turn    x - ring of see invisible
MPRegen 0.28/turn

%: guardian spirit
@: tree-form, enlightened, slowed, very slow
A: stationary, stasis, torment immunity, boosted hp, (thin metallic scales 1),
(spiny 1), magic shield, magic regeneration, (weakness stinger 2)
a: Renounce Religion, Bend Time, Temporal Distortion, Slouch


You were on level 7 of the Dungeon.
You worshipped Cheibriados.
Cheibriados was greatly pleased with you.
You were a tree.
You visited 2 branches of the dungeon, and saw 8 of its levels.
You also visited: Ossuary.

You collected 330 gold pieces.

Inventory:

Hand Weapons
 a - a +4 flail of protection (weapon)
 z - a +0 war axe
 A - a +1 spectral club
Missiles
 p - 3 throwing nets
 y - 3 boomerangs (quivered)
Armour
 f - a +0 plate armour (melded)
 v - a +0 pair of gloves
 B - a +0 pair of boots
Jewellery
 j - a +6 ring of strength (left branch)
 o - an amulet of regeneration (around neck)
 x - a ring of see invisible (right branch)
 C - a ring of ice
Talismans
 c - a beast talisman
Wands
 G - a wand of flame (44)
Scrolls
 d - a scroll of vulnerability {unknown}
 e - 2 scrolls of teleportation
 g - 8 scrolls of noise
 h - 2 scrolls of enchant weapon
 i - a scroll of silence {unknown}
 m - 6 scrolls of identify {unknown}
 n - 3 scrolls of blinking {unknown}
 q - 2 scrolls of poison {unknown}
 s - 2 scrolls of immolation
 D - a scroll of torment {unknown}
 F - 2 scrolls of brand weapon {unknown}
 H - 5 scrolls of fear {unknown}
Potions
 l - 3 potions of curing
 r - 2 potions of brilliance {unknown}
 t - 3 potions of attraction {unknown}
 u - a potion of berserk rage {unknown}
 w - a potion of resistance {unknown}
 E - 2 potions of cancellation {unknown}
 I - 3 potions of heal wounds {unknown}
 J - a potion of magic {unknown}
 K - a potion of invisibility {unknown}
 L - a potion of mutation {unknown}
 M - a potion of haste {unknown}


   Skills:
 * Level 5.8 Fighting
 * Level 3.4 Maces & Flails
 + Level 2.1 Throwing
 + Level 2.9 Armour
 * Level 4.8 Dodging
 + Level 1.2 Stealth
 * Level 7.5 Unarmed Combat
 * Level 1.9 Spellcasting
 * Level 6.6 Invocations
 + Level 0.5 Evocations
 * Level 5.8 Shapeshifting


You had 12 spell levels left.
You didn't know any spells.
Your spell library was empty.

Dungeon Overview and Level Annotations

Branches:
Dungeon (7/15)             Temple (1/1) D:4         Ossuary (visited)

Altars:
Ashenzari
Cheibriados
Dithmenos
Fedhas
Hepliaklqana
Nemelex Xobeh
Okawaru
Qazlal
Ru
Sif Muna
Vehumet
Wu Jian
Yredelemnul


Innate Abilities, Weirdness & Mutations

You are a tree.
Your roots penetrate the ground, keeping you stationary.
You cannot be teleported.
You are immune to unholy pain and torment.
Your maximum health is greatly increased.
Your equipment is partially melded.
((You are partially covered in thin metallic scales. (AC +2)))
((You are partially covered in sharp spines.))
When hurt, damage is shared between your health and your magic reserves.
You regenerate magic rapidly.
((You have a tail ending in a sharp stinger.))


Message History

You feel very sick.
The kobold brigand is struck by your spines.
The kobold brigand hits you but does no damage.
Space warps around you.
The kobold brigand hits you but does no damage.
Space warps horribly around you!
* * * LOW HITPOINT WARNING * * *
You feel very sick. The kobold brigand barely misses you.
The kobold brigand hits you with a +1 short sword of distortion.
* * * LOW HITPOINT WARNING * * *
Space warps around you.
* * * LOW HITPOINT WARNING * * *
The kobold brigand hits you but does no damage.
Space warps horribly around you!!
* * * LOW HITPOINT WARNING * * *
Things that are here:
a +4 dagger; a curare-tipped dart; a kobold corpse Unknown command.
Really quaff the potion of lignification?
Your transformation has ended.
You turn into a tree.
Your +0 plate armour melds into your body.
Your roots penetrate the ground.
You feel sick.
The kobold brigand hits you but does no damage.
Unknown command.
Unknown command.
Unknown command.
It was a potion of curing.
You feel better.
The kobold brigand hits you but does no damage.
Space warps around you.
* * * LOW HITPOINT WARNING * * *
The kobold brigand hits you but does no damage.
Space warps around you.
* * * LOW HITPOINT WARNING * * *
It was a potion of enlightenment.
Your roots keep you in place.
The kobold brigand hits you with a +1 short sword of distortion.
* * * LOW HITPOINT WARNING * * *
Space warps horribly around you!
You die...

.#.#####.#.##.#######.#
#.# #.
.#(...................#
#.# #.
.#.##########.#########
#.# #. .#.# #.##### #.#
#. ##.# ###?[.## #.# #.
#.# ##.....########.#
#. ##.#
#.#...#.#.......# ##
...# #⌠.#.#.⌠#.#######
##.# ####.#.♣)#:#.#
##### #..#
#..##...K.##.# #...#
#.##
#.#.##)''##..####...###
#.#
#....))......##.......#
#.#
##.####..........^....#
#.# #.#
#########.......# #.#
#.# ###...###
#.#########.# #...#
............### ##.## #


You could see a kobold brigand.

Vanquished Creatures
  The ghost of tensugalgo the Skirmisher, a novice MiHs (D:7)
  A kobold demonologist (D:7)
  A wyvern (D:4)
  Edmund (D:6)
  A water moccasin (D:6)
  2 orc warriors (D:6)
  A black bear (D:7)
  An ice beast (D:7)
  7 ogres
  A phantom (D:6)
  Blork the orc (D:6)
  7 kobold brigands (D:7)
  A gnoll sergeant (D:6)
  A scorpion (D:5)
  5 wights (D:7)
  4 howler monkeys (D:6)
  3 centaur zombies (Ossuary)
  12 hounds
  3 human zombies (Ossuary)
  4 jellies
  9 orc priests (D:6)
  3 gnoll boudas (D:6)
  Ijyb (D:5)
  An iguana (D:4)
  10 orc wizards
  7 mummies
  8 gnolls
  10 adders
  An ufetubus (D:7)
  2 worms (D:2)
  19 orcs
  4 ball pythons
  5 endoplasms
  2 giant cockroaches (D:2)
  A gnoll zombie (Ossuary)
  5 goblins
  6 hobgoblins
  7 jackals
  5 kobolds
  A quokka (D:1)
  4 bats
  A frilled lizard (D:3)
  2 goblin zombies (D:7)
  A hobgoblin zombie (Ossuary)
  6 rats
179 creatures vanquished.

Vanquished Creatures (collateral kills)
  A kobold demonologist (D:6)
  An orc wizard (D:6)
  A gnoll (D:6)
3 creatures vanquished.

Vanquished Creatures (others)
  An endoplasm (D:3)
1 creature vanquished.

Grand Total: 183 creatures vanquished

Notes
Turn   | Place    | Note
-------+----------+-------------------------------------------
     0 | D:1      | Morbidden the Demonspawn Shapeshifter began the quest for
                  | the Orb.
     0 | D:1      | Reached XP level 1. HP: 16/16 MP: 1/1
    61 | D:1      | Gained mutation: You have a small tail. [demonic ancestry]
    61 | D:1      | Reached XP level 2. HP: 15/22 MP: 2/2
   276 | D:1      | You fall into a shaft and drop 1 floor!
   389 | D:2      | Gained mutation: You have a tail ending in a sharp stinger.
                  | [demonic ancestry]
   389 | D:2      | Reached XP level 3. HP: 27/28 MP: 3/3
   627 | D:2      | Reached skill level 2 in Unarmed Combat
   982 | D:2      | Found a faded altar of an unknown god.
  1021 | D:2      | Gained mutation: You are partially covered in sharp spines.
                  | [demonic ancestry]
  1021 | D:2      | Reached XP level 4. HP: 34/34 MP: 4/4
  1754 | D:3      | Found a stormy altar of Qazlal.
  2099 | D:4      | Found a staircase to the Ecumenical Temple.
  2107 | D:4      | Gained mutation: You regenerate magic rapidly. [demonic
                  | ancestry]
  2107 | D:4      | Reached XP level 5. HP: 18/39 MP: 5/5
  2134 | Temple   | Entered the Ecumenical Temple
  2203 | Temple   | Became a worshipper of Cheibriados the Contemplative
  2356 | D:4      | Reached skill level 3 in Unarmed Combat
  2654 | D:4      | Reached skill level 1 in Invocations
  2671 | D:4      | Found Tolulucs's Jewellery Shoppe.
  2710 | D:4      | Noticed a wyvern
  2718 | D:4      | Killed a wyvern
  2719 | D:4      | Reached skill level 1 in Stealth
  2719 | D:4      | Reached XP level 6. HP: 26/47 MP: 5/7
  2898 | D:5      | Entered Level 5 of the Dungeon
  2993 | D:5      | Found a blossoming altar of Fedhas.
  3019 | D:5      | Noticed Ijyb
  3044 | D:5      | Killed Ijyb
  3045 | D:5      | Reached skill level 4 in Unarmed Combat
  3067 | D:5      | Found a broken altar of Ashenzari.
  3101 | D:5      | Reached * piety under Cheibriados
  3111 | D:5      | Reached XP level 7. HP: 41/52 MP: 8/8
  3164 | D:5      | Found a sparkling altar of Nemelex Xobeh.
  3731 | D:6      | Found a shadowy altar of Dithmenos.
  3898 | D:6      | Gained mutation: You are partially covered in thin metallic
                  | scales. (AC +2) [demonic ancestry]
  3898 | D:6      | Reached XP level 8. HP: 52/60 MP: 10/10
  3981 | D:6      | Reached skill level 1 in Armour
  3981 | D:6      | Reached ** piety under Cheibriados
  3985 | D:6      | Reached skill level 5 in Unarmed Combat
  4010 | D:6      | Noticed Blork the orc
  4019 | D:6      | Killed Blork the orc
  4124 | D:6      | Reached skill level 5 in Shapeshifting
  4137 | D:6      | Noticed Edmund
  4192 | D:6      | Killed Edmund
  4193 | D:6      | Reached skill level 6 in Unarmed Combat
  4275 | D:5      | Found a broken altar of Ashenzari.
  4527 | D:5      | Found a sparkling altar of Nemelex Xobeh.
  4619 | D:6      | Reached XP level 9. HP: 27/67 MP: 12/12
  4679 | D:6      | Noticed a kobold demonologist
  4682 | D:6      | Reached *** piety under Cheibriados
  4684 | D:6      | Killed a kobold demonologist
  4685 | D:6      | Reached skill level 5 in Fighting
  4685 | D:6      | Reached skill level 1 in Throwing
  4882 | D:6      | Reached skill level 5 in Invocations
  4890 | D:6      | Found a hazy altar of Hepliaklqana.
  5271 | D:6      | Reached skill level 7 in Unarmed Combat
  5470 | D:7      | Found a sand-covered staircase.
  5476 | Ossuary  | Entered an ossuary
  5533 | Ossuary  | Reached **** piety under Cheibriados
  5638 | Ossuary  | Reached skill level 1 in Maces & Flails
  5957 | D:7      | Found a runed translucent gate.
  5957 | D:7      | Found a runed translucent gate.
  5957 | D:7      | Found a runed translucent gate.
  5958 | D:7      | Noticed tensugalgo's ghost (novice MiHs)
  5959 | D:7      | Noticed a kobold demonologist
  6097 | D:7      | Gained mutation: When hurt, damage is shared between your
                  | health and your magic reserves. [demonic ancestry]
  6097 | D:7      | Reached XP level 10. HP: 76/76 MP: 14/14
  6331 | D:7      | Killed tensugalgo's ghost
  6340 | D:7      | Reached skill level 1 in Spellcasting
  6352 | D:7      | Mangled by a kobold brigand

Illustrated notes

Levels and vault maps discovered:
D:1:      dpeg_arrival_tiny_b, layout_rooms
D:2:      minmay_general_purpose_star, layout_basic,
          hellmonk_ecumenical_altar_zigzags
D:3:      layout_basic, nicolae_qazlal_scattered_showers, chequers_garden
D:4:      layout_loops_ring, mainiacjoe_overflow_tiny_flanked,
          minmay_temple_entry_mini_moons, serial_shops,
          nicolae_shop_hallway_stairs, feat_on_display
D:5:      layout_basic, old_standard_altar, nemelex_diamond_rough_becter,
          fedhas_altar_4, uniq_ijyb
D:6:      lemuel_castle_with_subvaults [lemuel_castle_interior_carwin_1],
          layout_cave_pools, mainiacjoe_overflow_chevrons,
          chequers_temple_overflow_statue_of_worship, kennysheep_cross_room,
          uniq_blork_the_orc, uniq_edmund
D:7:      layout_loops_ring, gammafunk_ghost_nasty_kobolds,
          nicolae_ossuary_entry_giza
Temple:   oiseaux_autumnal_temple

Skill      XL: |  1  2  3  4  5  6  7  8  9 10 |
---------------+-------------------------------+-----
Shapeshifting  | 3 4 5 |  5.8
Dodging        | 2 3 4 |  4.8
Unarmed Combat | 2 3 4 6 7 |  7.5
Invocations    | 1 2 4 6 |  6.6
Fighting       | 3 4 5 |  5.8
Stealth        | 1 |  1.2
Armour         | 2 |  2.9
Throwing       | 2 |  2.1
Maces & Flails | 1 3 |  3.4
Spellcasting   | 1 |  1.9
Evocations     | |  0.5

Action                     |  1- 3 |  4- 6 |  7- 9 | 10-12 || total
---------------------------+-------+-------+-------+-------++-------
  Melee: Unarmed           |    53 |    95 |   181 |       ||   329
         Punch             |     2 |     3 |    14 |     2 ||    21
         Dagger            |    40 |       |       |       ||    40
         Tailslap          |     7 |    11 |    41 |     8 ||    67
         Flail             |       |       |    57 |    25 ||    82
  Throw: Stone             |       |     5 |    50 |       ||    55
         Boomerang         |       |       |     9 |       ||     9
  Evoke: Wand              |       |       |     7 |       ||     7
    Use: Potion            |     1 |       |     1 |     3 ||     5
         Scroll            |       |     3 |       |       ||     3
   Stab: Sleeping          |     1 |       |       |       ||     1
 Armour: Animal skin       |    20 |     3 |       |       ||    23
         Chain mail        |       |    25 |    54 |       ||    79
         Skin              |       |       |     9 |     3 ||    12
         Plate armour      |       |       |    59 |    26 ||    85
  Dodge: Dodged            |    63 |    45 |    94 |    22 ||   224

Table legend: (Time is in decaauts)
 A = Elapsed time spent in this place.
 B = Non-inter-level travel time spent in this place.
 C = Inter-level travel time spent in this place.
 D = Time resting spent in this place.
 E = Time spent auto-exploring this place.
 F = Levels seen in this place.
 G = Mean time per level.
                   A        B        C        D        E       F      G
               +--------+--------+--------+--------+--------+-----+--------+
         Total |   7998 |   7649 |    349 |    501 |   5603 |   9 |  888.7 |
       Dungeon |   7566 |   7260 |    306 |    501 |   5376 |   7 | 1080.9 |
        Temple |    140 |     97 |     43 |      0 |     80 |   1 |  140.0 |
       Ossuary |    291 |    291 |      0 |      0 |    146 |   1 |  291.0 |
               +--------+--------+--------+--------+--------+-----+--------+

Top non-repeatable levels by time:
     D:6: 1748 daAuts
     D:5: 1533 daAuts
     D:7: 1246 daAuts
     D:2: 1198 daAuts
     D:4: 972 daAuts
     D:3: 592 daAuts
 Ossuary: 291 daAuts
     D:1: 274 daAuts
  Temple: 140 daAuts
